 Dungeon Crawl Stone Soup version 0.28.0 (webtiles) character file.

Game seed: 5975265615364041334

244 ReploidZero the Digger (level 5, 0/42 HPs)
             Began as a Deep Dwarf Earth Elementalist on Feb 17, 2022.
             Slain by a mummy (15 damage)
             ... in an ossuary.
             The game lasted 00:11:18 (2645 turns).

ReploidZero the Digger (DDEE)                       Turns: 2645, Time: 00:11:18

Health: 0/42       AC:  4    Str: 12    XL:     5   Next: 83%
Magic:  1/10       EV: 12    Int: 17    God:
Gold:   81         SH:  0    Dex: 13    Spells: 5/11 levels left

rFire   . . .      SeeInvis .   a - +0 dagger (venom)
rCold   . . .      Faith    .   (no shield)
rNeg    . . .      Spirit   .   b - +0 robe
rPois   .          Reflect  .   o - +0 helmet
rElec   .          Harm     .   (no cloak)
rCorr   .          Rampage  .   n - +0 pair of gloves
Will    .....                   (no boots)
Stlth   ++........              (no amulet)
HPRegen 0.00/turn               (no ring)
MPRegen 0.12/turn               (no ring)

@: no status effects
A: damage resistance, heal wounds, sense surroundings 1, no regeneration
a: Heal Wounds


You were in an ossuary.
You visited 1 branch of the dungeon, and saw 4 of its levels.
You also visited: Ossuary.

You collected 93 gold pieces.
You spent 12 gold pieces at shops.

Inventory:

Hand Weapons
 a - a +0 dagger of venom (weapon)
Missiles
 c - 76 stones
Armour
 b - a +0 robe (worn)
 n - a +0 pair of gloves (worn)
 o - a +0 helmet (worn)
Jewellery
 i - a ring of resist corrosion
Wands
 e - a wand of flame (22)
 l - a wand of iceblast (9)
Potions
 d - a potion of attraction
 f - a potion of heal wounds
 j - a potion of curing {unknown}
 m - a potion of mutation {unknown}


   Skills:
 - Level 2.1 Dodging
 - Level 2.4 Stealth
 + Level 3.5 Spellcasting
 + Level 1.0 Conjurations
 - Level 2.0 Transmutations
 + Level 6.3 Earth Magic


You had 5 spell levels left.
You knew the following spells:

 Your Spells              Type           Power      Damage    Failure   Level
a - Sandblast             Erth           48%        2d12      1%          1
b - Stone Arrow           Conj/Erth      30%        3d8       11%         3
c - Passwall              Tmut/Erth      14%        N/A       4%          2

Your spell library contained the following spells:

 Spells                   Type           Power      Damage    Failure   Level
 Petrify                  Tmut/Erth      17%        N/A       30%         4


Dungeon Overview and Level Annotations

Branches:
Dungeon (4/15)            Ossuary (1/1)
 Temple: D:4-7

Altars:
Okawaru
Qazlal

Shops:
D:2 ((:([


Innate Abilities, Weirdness & Mutations

You are resistant to damage.
You can heal yourself by infusing magical energy.
You passively map a small area around you.
You do not regenerate.


Message History

The blast of sand hits the mummy!
You destroy the mummy!
Unknown command.
Aiming: Sandblast (safe; 1% risk of failure)
Press: ? - help, Q - select action, (/) - cycle Shift-Dir - straight line, f - mummy
Aim: a mummy (91% to hit)
You miscast Sandblast.
You are very lightly contaminated with residual magic.
Nothing appears to happen.
The mummy misses you.
Aiming: Sandblast (safe; 1% risk of failure)
Press: ? - help, Q - select action, (/) - cycle Shift-Dir - straight line, f/p - mummy
Aim: a mummy (91% to hit)
The blast of sand hits the mummy!
The mummy is heavily damaged.
Unknown command.
Aiming: Sandblast (safe; 1% risk of failure)
Press: ? - help, Q - select action, (/) - cycle Shift-Dir - straight line, f/p - mummy
Aim: a mummy (heavily damaged, 91% to hit)
The blast of sand hits the mummy.
The mummy is severely damaged.
The mummy closely misses you.
Aiming: Sandblast (safe; 1% risk of failure)
Press: ? - help, Q - select action, (/) - cycle Shift-Dir - straight line, f/p - mummy
Aim: a mummy (severely damaged, 91% to hit)
The blast of sand hits the mummy!
You destroy the mummy!
Your Conjurations skill increases to level 1!
Aiming: Sandblast (safe; 1% risk of failure)
Press: ? - help, Q - select action, (/) - cycle Shift-Dir - straight line, f - mummy
Aim: a mummy (91% to hit)
The blast of sand hits the mummy.
The mummy is moderately damaged.
The mummy hits you!
You see here a brown potion.
Your magical contamination has completely faded away.
The mummy barely misses you.
You see here an inky potion.
The mummy hits you!
You die...

#......##..##.....
#.....##....##....
#.................
##................
##..Z.M.........#
#'##.M......##+#
##..##......## ,*
##....##M.Z.## ,
##@M....#....#
#$!M....#....#
#$.M....#....#
#$$M....#....#
##$!....#....# ,
#$$!..##....#*
##$!..##...Z#
#$!.###.∩∩.#* ,
##### ###### *


You could see 4 mummies.

Vanquished Creatures
  A hound (D:3)
  2 orc wizards (D:3)
  3 mummies (Ossuary)
  6 adders
  An ufetubus (D:4)
  3 worms
  A dart slug (D:2)
  An orc (D:3)
  A ball python (D:3)
  7 endoplasms
  2 giant cockroaches
  7 goblins
  5 hobgoblins
  4 kobolds
  A quokka (D:4)
  4 bats
  6 frilled lizards
  2 gnoll zombies (Ossuary)
  A hobgoblin zombie (Ossuary)
  3 kobold zombies (Ossuary)
  An orc zombie (Ossuary)
  2 rats
64 creatures vanquished.

Vanquished Creatures (others)
  12 fungi (D:3)
12 creatures vanquished.

Grand Total: 76 creatures vanquished

Notes
Turn   | Place    | Note
-------+----------+-------------------------------------------
     0 | D:1      | ReploidZero the Deep Dwarf Earth Elementalist began the
                  | quest for the Orb.
     0 | D:1      | Reached XP level 1. HP: 15/15 MP: 3/3
   110 | D:1      | Reached skill level 1 in Transmutations
   268 | D:1      | Reached XP level 2. HP: 22/22 MP: 3/5
   438 | D:1      | You fall into a shaft and drop 1 floor!
   446 | D:2      | Found Raoth's Weapon Shop.
   512 | D:2      | Found Raxzicaurgh's Weapon Boutique.
   528 | D:2      | Reached XP level 3. HP: 20/28 MP: 4/6
   551 | D:2      | Bought 10 stones for 12 gold pieces
   635 | D:2      | Found Dobb's Antique Armour Boutique.
   793 | D:2      | Found Xiupar's Antique Weapon Boutique.
   838 | D:2      | Learned a level 3 spell: Stone Arrow
   841 | D:2      | Learned a level 2 spell: Passwall
   931 | D:2      | Reached skill level 5 in Earth Magic
   931 | D:2      | Reached XP level 4. HP: 15/36 MP: 5/7
  1059 | D:2      | Found Gair's Book Emporium.
  1499 | D:3      | Reached XP level 5. HP: 30/42 MP: 1/9
  1914 | D:3      | Found an iron altar of Okawaru.
  1925 | D:3      | Found a stormy altar of Qazlal.
  1983 | D:3      | Reached skill level 6 in Earth Magic
  2514 | D:4      | Found a sand-covered staircase.
  2566 | Ossuary  | Entered an ossuary
  2641 | Ossuary  | Reached skill level 1 in Conjurations
  2645 | Ossuary  | Slain by a mummy

Illustrated notes

Levels and vault maps discovered:
D:1:      evilmike_arrival_fibonacci_small, layout_loops_corners,
          shapermc_ecumenical_altar_petra, serial_bayou_pond_d
D:2:      layout_loops_cross, serial_shops, nicolae_shop_crystal, shop,
          nicolae_diamond_shop, nicolae_shop_waterfront,
          nicolae_shop_hallway_plus
D:3:      layout_loops_ring, mainiacjoe_overflow_catch_the_wave,
          chequers_serial_rivers_room_a, chequers_serial_rivers_large_a,
          dk_vineyard_2
D:4:      layout_basic, enter_ossuary_1, gup_sewer_entry_bubbles
Ossuary:  ossuary_tomb_3

Skill      XL: |  1  2  3  4  5 |
---------------+----------------+-----
Transmutations | 1 2 |  2.0
Spellcasting   | 2 3 |  3.5
Earth Magic    | 5 6 |  6.3
Conjurations   | 1 |  1.0
Dodging        | |  2.1
Stealth        | |  2.4

Action                   |  1- 3 |  4- 6 || total
-------------------------+-------+-------++-------
Melee: Dagger            |    38 |    34 ||    72
       Punch             |     1 |     3 ||     4
 Cast: Sandblast         |    23 |    43 ||    66
       Stone Arrow       |       |     1 ||     1
 Abil: Heal Wounds       |       |     2 ||     2
Evoke: Wand              |       |     2 ||     2
  Use: Scroll            |       |     7 ||     7
       Potion            |       |     1 ||     1
 Stab: Sleeping          |     5 |     3 ||     8
Armor: Robe              |     8 |     8 ||    16
Dodge: Dodged            |    21 |    21 ||    42
